 Dungeon Crawl Stone Soup version 0.21-a0-210-gbfa5647 (webtiles) character file.

12186 Leibowitz the Grappler (level 11, -24/105 HPs)
             Began as a Troll Monk on Aug 20, 2017.
             Was a High Priest of Wu Jian.
             Killed from afar by Fannar (42 damage)
             ... with a bolt of cold
             ... on level 10 of the Dungeon.
             The game lasted 00:29:39 (8137 turns).

Leibowitz the Grappler (Troll Monk)                 Turns: 8137, Time: 00:29:40

Health: -24/105    AC: 10    Str: 22    XL:     11   Next: 59%
Magic:  10/10      EV: 14    Int:  6    God:    Wu Jian [*****.]
Gold:   567        SH:  0    Dex: 14    Spells: 10/10 levels left

rFire    . . .     SeeInvis +     - Unarmed
rCold    . . .     Gourm    +   (no shield)
rNeg     + . .     Faith    +   k - +2 robe {rN+}
rPois    .         Spirit   .   (helmet restricted)
rElec    .         Reflect  .   x - +2 cloak
rCorr    .         Harm     .   (gloves unavailable)
MR       .....                  (boots unavailable)
Stlth    ++........             j - amulet of faith
HPRegen  0.67/turn              (no ring)
MPRegen  0.12/turn              (no ring)

@: no status effects
A: unfitting armour, claws 3, see invisible, fast metabolism 3, gourmand,
regeneration 1, shaggy fur 1, tough skin 2
a: Serpent's Lash, Heavenly Storm, Renounce Religion


You were on level 10 of the Dungeon.
You worshipped Wu Jian.
Wu Jian was extremely pleased with you.
You were very full.

You visited 2 branches of the dungeon, and saw 11 of its levels.

You collected 675 gold pieces.
You spent 108 gold pieces at shops.

Inventory:

Hand Weapons
 u - a +1 scimitar of flaming
 w - a +0 blowgun
Missiles
 o - 6 large rocks (quivered)
 y - 10 poisoned needles
Armour
 k - a +2 robe of positive energy (worn)
 x - a +2 cloak (worn)
Jewellery
 e - an uncursed ring of fire
 j - an amulet of faith (around neck)
 v - an uncursed ring of fire
Wands
 a - a wand of confusion (15/48)
 p - a wand of confusion (48/48)
 r - a wand of iceblast (3/15)
Scrolls
 c - 6 scrolls of remove curse
 d - 4 scrolls of teleportation
 f - 10 scrolls of identify
 n - a scroll of fog
 q - a scroll of enchant armour
Potions
 g - 2 potions of heal wounds
 l - 8 potions of lignification
 t - 2 potions of curing
Comestibles
 b - 9 bread rations
 h - 2 fruits
 i - 4 meat rations
 m - 16 royal jellies


   Skills:
 * Level 6.1 Fighting
 + Level 2.0 Throwing
 * Level 6.9 Dodging
 + Level 2.4 Stealth
 * Level 14.6 Unarmed Combat


You had 10 spell levels left.
You didn't know any spells.

Dungeon Overview and Level Annotations

Branches:
Dungeon (10/15)            Temple (1/1) D:7            Lair (0/6) D:10
    Orc (0/2) D:9

Altars:
Ashenzari
Cheibriados
Dithmenos
Elyvilon
Fedhas
Gozag
Hepliaklqana
Kikubaaqudgha
Makhleb
Nemelex Xobeh
Okawaru
Qazlal
Ru
Sif Muna
Trog
Uskayaw
Vehumet
Wu Jian
Xom
Yredelemnul
Zin
The Shining One

Shops:
D:4 [   D:7 (

Annotations:
D:10 Fannar, Gastronok


Innate Abilities, Weirdness & Mutations

You are too large for most types of armour.
You have claws for hands.
Your metabolism is lightning-fast.
You like to eat raw meat.
Your natural rate of healing is unusually fast.
You are covered in fur. (AC +1)
You have very tough skin. (AC +2)
You have supernaturally acute eyesight. (SInv)


Message History

The air twists around and strikes you!
* * * LOW HITPOINT WARNING * * *
You feel much better.
Fannar hits you with a quarterstaff of freezing.
* * * LOW HITPOINT WARNING * * *
Fannar freezes you.
* * * LOW HITPOINT WARNING * * *
You closely miss Fannar.
Fannar is almost dead.
Fannar hits you with a quarterstaff of freezing.
* * * LOW HITPOINT WARNING * * *
Fannar freezes you.
* * * LOW HITPOINT WARNING * * *
You closely miss Fannar.
Fannar is almost dead.
You closely miss Fannar.
Fannar is almost dead.
Fannar points at you and mumbles some strange words.
The bolt of cold hits you!
You die...

#........# ######'####...†.PP>PP.
#........# #..........P..P.PPP.PP
#........###.............P...PP.P
#........'.'.........+..PPPP.P..P
#........###.........##..PPP..P.P
#........# ##'#########...PP.PPP÷
#........# #.## ##P..P..P.P
........# #..#### #...PPPP..
##+###### ##..@.# ##..P.....
####e#### #P..P..P. #..rw..#
#........ #...(..# #........
#..r...# #........ #......#
#........ #......# #........
#......##..........
..........#........


You could see Gastronok, Fannar, a river rat and a rat.

Vanquished Creatures
  Erica (D:9)
  A two-headed ogre (D:9)
  Pikel (D:4)
  Maurice (D:8)
  2 centaur skeletons
  A hornet (D:10)
  Prince Ribbit (D:8)
  A hippogriff (D:9)
  A vampire (D:10)
  11 yaks (D:10)
  5 hungry ghosts
  Edmund (D:4)
  3 water moccasins
  6 porcupines (D:10)
  An ice beast (D:5)
  6 orc warriors
  The ghost of kohrah the Poker, an amateur OgGl (D:3)
  4 phantoms
  2 sky beasts
  2 slaves (D:4)
  A black bear (D:10)
  3 ogres
  3 centaurs
  Blork the orc (D:4)
  A big kobold (D:10)
  A gnoll sergeant (D:8)
  10 bullfrogs
  A water moccasin zombie (D:10)
  3 scorpions
  A water moccasin skeleton (D:5)
  2 troll zombies (D:9)
  11 killer bees
  7 wights
  A howler monkey (D:4)
  A bullfrog zombie (D:9)
  3 crimson imps
  5 jellies
  9 orc priests
  4 hounds
  Terence (D:2)
  An iguana (D:5)
  6 orc wizards
  8 worker ants
  6 ogre zombies (D:9)
  3 hound skeletons
  Robin (D:3)
  7 gnolls
  9 adders
  2 shadow imps
  8 oozes
  2 adder zombies
  An adder skeleton (D:7)
  3 worms
  13 dart slugs
  7 leopard geckos
  28 orcs
  9 bats
  3 giant cockroaches
  13 hobgoblins
  9 jackals
  A ball python (D:1)
  5 frilled lizards
  10 goblins
  2 goblin skeletons (D:9)
  A goblin zombie (D:9)
  A hobgoblin skeleton (D:9)
  3 hobgoblin zombies (D:9)
  2 jackal skeletons
  11 kobolds
  A leopard gecko skeleton (D:4)
  2 orc skeletons (D:9)
  16 orc zombies (D:9)
  A quokka skeleton (D:5)
  A quokka zombie (D:6)
  4 rats (D:1)
321 creatures vanquished.

Vanquished Creatures (others)
  3 orcs (D:9)
  10 fungi (D:10)
13 creatures vanquished.

Grand Total: 334 creatures vanquished

Notes
Turn   | Place    | Note
-------+----------+-------------------------------------------
     0 | D:1      | Leibowitz the Troll Monk began the quest for the Orb.
     0 | D:1      | Reached XP level 1. HP: 22/22 MP: 0/0
   135 | D:1      | Reached XP level 2. HP: 27/29 MP: 1/1
   780 | D:1      | Reached XP level 3. HP: 36/36 MP: 2/2
   988 | D:2      | Reached skill level 4 in Unarmed Combat
  1017 | D:2      | Found a stormy altar of Qazlal.
  1062 | D:2      | Noticed Terence
  1074 | D:2      | Killed Terence
  1074 | D:2      | Reached XP level 4. HP: 19/45 MP: 3/3
  1690 | D:3      | Noticed Robin
  1729 | D:3      | Killed Robin
  1729 | D:3      | Reached XP level 5. HP: 51/53 MP: 4/4
  1786 | D:3      | Noticed kohrah's ghost (amateur OgGl)
  1806 | D:3      | Killed kohrah's ghost
  1806 | D:3      | Reached skill level 5 in Unarmed Combat
  2269 | D:3      | Reached XP level 6. HP: 44/61 MP: 5/5
  2590 | D:4      | Noticed a slave
  2591 | D:4      | Noticed a slave
  2592 | D:4      | Noticed Pikel
  2593 | D:4      | Noticed a slave
  2603 | D:4      | Noticed a slave
  2606 | D:4      | Killed a slave
  2608 | D:4      | Killed a slave
  2629 | D:4      | Killed Pikel
  2629 | D:4      | Reached skill level 7 in Unarmed Combat
  2629 | D:4      | Reached XP level 7. HP: 14/68 MP: 6/6
  2824 | D:4      | Noticed Blork the orc
  2829 | D:4      | Killed Blork the orc
  2829 | D:4      | Reached skill level 8 in Unarmed Combat
  2829 | D:4      | Reached XP level 8. HP: 56/78 MP: 7/7
  2842 | D:4      | Noticed Edmund
  2849 | D:4      | Killed Edmund
  2849 | D:4      | Reached skill level 1 in Throwing
  3102 | D:4      | Found Ymyod's Antique Armour Shop.
  3111 | D:4      | Bought a crude robe for 108 gold pieces
  3121 | D:4      | Identified the +1 robe "Kiddaik" {Int+4} (You bought it in a shop on level 4 of the Dungeon)
  3328 | D:5      | Entered Level 5 of the Dungeon
  3470 | D:5      | Reached skill level 9 in Unarmed Combat
  3541 | D:5      | Gained mutation: You are clumsy. (Dex -2) [potion of mutation]
  3541 | D:5      | Lost mutation: You are clumsy. (Dex -2) [potion of mutation]
  3541 | D:5      | Gained mutation: You have supernaturally acute eyesight. (SInv) [potion of mutation]
  3619 | D:5      | Found a white marble altar of Elyvilon.
  3673 | D:5      | Noticed a dagger
  3675 | D:5      | Found a hide-covered altar of Uskayaw.
  3676 | D:5      | Noticed a dagger
  3723 | D:5      | Found a sparkling altar of Nemelex Xobeh.
  4129 | D:6      | Reached skill level 10 in Unarmed Combat
  4129 | D:6      | Reached XP level 9. HP: 70/84 MP: 8/8
  4433 | D:6      | Found an ancient bone altar of Kikubaaqudgha.
  4942 | D:7      | Reached skill level 5 in Dodging
  4964 | D:7      | Reached skill level 11 in Unarmed Combat
  5263 | D:7      | Found a staircase to the Ecumenical Temple.
  5277 | Temple   | Entered the Ecumenical Temple
  5349 | Temple   | Became a worshipper of the Wu Jian Council
  5349 | Temple   | Reached * piety under Wu Jian
  5349 | Temple   | Reached ** piety under Wu Jian
  5491 | D:7      | Found Pugraom's Weapon Shoppe.
  5582 | D:8      | Reached skill level 5 in Fighting
  5627 | D:8      | Noticed Prince Ribbit
  5660 | D:8      | Killed Prince Ribbit
  5678 | D:8      | Reached XP level 10. HP: 58/96 MP: 9/9
  5804 | D:8      | Noticed Maurice
  5819 | D:8      | Killed Maurice
  6160 | D:8      | Identified the Tome of Sinister Contamination
  6181 | D:8      | Reached skill level 12 in Unarmed Combat
  6400 | D:8      | Reached *** piety under Wu Jian
  6479 | D:9      | Noticed a two-headed ogre
  6490 | D:9      | HP: 4/96 [two-headed ogre/giant spiked club (22)]
  6729 | D:9      | Killed a two-headed ogre
  6772 | D:9      | Noticed Erica
  6782 | D:9      | Killed Erica
  6782 | D:9      | Reached skill level 13 in Unarmed Combat
  6810 | D:9      | Found a shadowy altar of Dithmenos.
  6828 | D:9      | Found a bloodstained altar of Trog.
  6904 | D:9      | Reached XP level 11. HP: 62/105 MP: 10/10
  7181 | D:9      | Found a staircase to the Orcish Mines.
  7186 | D:9      | Reached **** piety under Wu Jian
  7283 | D:9      | Reached ***** piety under Wu Jian
  7336 | D:9      | Found a deep blue altar of Sif Muna.
  7557 | D:10     | Entered Level 10 of the Dungeon
  7620 | D:10     | Reached skill level 14 in Unarmed Combat
  7648 | D:10     | Found a staircase to the Lair.
  8110 | D:10     | Noticed Gastronok
  8112 | D:10     | Noticed Fannar
  8137 | D:10     | Killed from afar by Fannar

Vault maps used:
D:1:      matt_arrival_diagonals, minmay_misc_feat_chi, minmay_misc_feat_x,
          minmay_statues_item, roderic_roman_lattice
D:2:      grunt_qazlal_clouds, patterned_corridor, uniq_terence
D:3:      first_bread, uniq_robin
D:4:      kennysheep_big_flooded_room, serial_shops, shop, uniq_blork_the_orc,
          uniq_edmund, uniq_pikel
D:5:      dancing_weapons_uskayaw, nemelex_xobeh_ov_fountains_minmay,
          kennysheep_little_box
D:6:      kiku_gazebo_garden_becter
D:7:      kennysheep_slugbush, temple_pool_b, serial_shops,
          nicolae_shop_behind_doors
D:8:      serial_curves, eino_curves_02, eino_curves_04,
          hangedman_little_slice_of_home, uniq_prince_ribbit1, uniq_maurice
D:9:      marbit_many_paths, nicolae_overflow_crystal_walls,
          nicolae_overflow_hidden_temple, zombieorc2_lemuel, grunt_ministairs_9,
          st_stairs_3, lemuel_old_faithful, uniq_erica
D:10:     due_lair_maze_entry_diamond, uniq_fannar, uniq_gastronok
Temple:   nicolae_temple_great_sept

Skill      XL: |  1  2  3  4  5  6  7  8  9 10 11 |
---------------+----------------------------------+-----
Fighting       | 3 4 5 6 |  6.1
Unarmed Combat | 4 5 7 8 10 11 13 14 | 14.6
Dodging        | 3 4 5 6 |  6.9
Throwing       | 1 2 |  2.0
Stealth        | 2 |  2.4

Action                   |  1- 3 |  4- 6 |  7- 9 | 10-12 || total
-------------------------+-------+-------+-------+-------++-------
Melee: Unarmed           |    82 |   140 |   324 |   407 ||   953
       Punch             |       |     3 |    14 |    25 ||    42
Throw: Throwing net      |     1 |     1 |       |       ||     2
       Large rock        |       |     4 |    16 |    13 ||    33
Evoke: Wand              |       |       |       |     1 ||     1
  Use: Scroll            |       |       |    10 |       ||    10
       Potion            |       |       |     9 |     4 ||    13
 Stab: Sleeping          |     5 |     2 |     4 |     8 ||    19
  Eat: Chunk             |    14 |    14 |    31 |    44 ||   103
Armor: Robe              |    11 |    32 |    75 |    79 ||   197
Dodge: Dodged            |    32 |    51 |   142 |   191 ||   416

Table legend:
 A = Spawn XP
 B = Non-spawn XP
 C = Spawn XP percentage of total XP
 D = Spawn monster count
 E = Non-spawn monster count
 F = Spawn count percentage of total count
 G = Total turns spent on level
                    A         B        C        D         E        F      G
               +---------+---------+-------+---------+---------+-------+---------
         Total |     541 |   16868 |   3.1 |      11 |     308 |   3.4 |  8137
               +---------+---------+-------+---------+---------+-------+---------
           D:1 |       0 |      54 |   0.0 |       0 |      19 |   0.0 |   815
           D:2 |       3 |      95 |   3.1 |       2 |      18 |  10.0 |   710
           D:3 |      15 |     266 |   5.3 |       2 |      24 |   7.7 |   828
           D:4 |      54 |    1214 |   4.3 |       1 |      18 |   5.3 |   975
           D:5 |      33 |     826 |   3.8 |       1 |      27 |   3.6 |   614
           D:6 |      14 |    1394 |   1.0 |       2 |      30 |   6.2 |   931
           D:7 |       5 |     803 |   0.6 |       1 |      25 |   3.8 |   620
           D:8 |     151 |    2705 |   5.3 |       1 |      37 |   2.6 |  1007
           D:9 |     266 |    4613 |   5.5 |       1 |      73 |   1.4 |   973
          D:10 |       0 |    4898 |   0.0 |       0 |      37 |   0.0 |   580
               +---------+---------+-------+---------+---------+-------+---------
